 Dungeon Crawl Stone Soup version 0.19-b1-4-gd8a0a2a (webtiles) character file.

15 tv1990 the Skirmisher (level 2, -1/24 HPs)
             Began as a Formicid Monk on Oct 30, 2016.
             Killed by nerve-wracking pain
             ... invoked by Jessica
              (11 damage)
             ... on level 2 of the Dungeon.
             The game lasted 00:02:14 (820 turns).

tv1990 the Skirmisher (Formicid Monk)                Turns: 820, Time: 00:02:14

Health: -1/24      AC:  0    Str: 15    XL:     2   Next: 65%
Magic:  2/2        EV: 15    Int:  9    God:
Gold:   30         SH:  0    Dex: 15    Spells: 0 memorised, 1 level left

rFire  . . .     SeeInvis .     (weapon currently unavailable)
rCold  . . .     Gourm    .     (armour currently unavailable)
rNeg   . . .     Faith    .     (shield currently unavailable)
rPois  .         Spirit   .     (helmet unavailable)
rElec  .         Reflect  .     (cloak currently unavailable)
rCorr  .         Harm     .     (gloves currently unavailable)
MR     .....                    (boots currently unavailable)
Stlth  ++........               (no amulet)
                                (ring currently unavailable)
                                (ring currently unavailable)

@: pig-form (expiring), very quick
A: permanent stasis, dig shafts and tunnels, four strong arms, (antennae 0),
agile 1
a: no special abilities


You were on level 2 of the Dungeon.
You were not hungry.
You were a filthy swine.
You visited 1 branch of the dungeon, and saw 2 of its levels.

You collected 30 gold pieces.

Inventory:

Hand Weapons
 a - a +0 hand axe (melded)
Armour
 b - a +0 robe
 g - a +0 pair of boots (melded)
 l - a +0 scale mail (melded)
Jewellery
 m - a ring of protection from cold (melded)
Scrolls
 d - 2 scrolls of remove curse {unknown}
 e - 2 scrolls of identify {unknown}
 i - a scroll of blinking {unknown}
Potions
 h - a potion of beneficial mutation
 j - 2 potions of lignification {unknown}
Comestibles
 c - a bread ration
 f - a meat ration
 k - 2 chunks of flesh


   Skills:
 + Level 3.5 Fighting
 * Level 3.3 Axes
 + Level 1.0 Armour
 - Level 2.6 Dodging
 - Level 2.4 Stealth


You had one spell level left.
You didn't know any spells.

Dungeon Overview and Level Annotations

Branches:
Dungeon (2/15)

Altars:

Annotations:
D:2 Jessica


Innate Abilities, Weirdness & Mutations

You are under a permanent stasis effect.
You can dig through walls and to a lower floor.
Your four strong arms can wield two-handed weapons with a shield.
((You have a pair of large antennae on your head. (SInv)))
You are agile. (Dex +2)


Message History

Your transformation is almost over.
Jessica misses you.
You hit Jessica.
Jessica is moderately wounded.
Jessica very coldly says, "I hate your company."
Jessica barely misses you.
You hit Jessica but do no damage.
Jessica is moderately wounded.
You hit Jessica but do no damage.
Jessica is moderately wounded.
Jessica zaps a wand.
You hit Jessica.
Jessica is heavily wounded.
Jessica gestures wildly while chanting.
Jessica blinks!
No target in view!
Jessica opens the door.
Jessica gestures at you while chanting. Pain shoots through your body!
You die...

...# ##...##
##.....#########
##...........ยง..## #
#........@####(..##.####
+..)......'.h...........
#.........####...##.###
#........# #.......#
##.....#.# #.#.#####
##...##.# #.#.#
##'###.###.#.# #.#
#<......# #.# #####.###
##.#######.#


You could see Jessica.

Vanquished Creatures
  2 leopard geckos
  A goblin (D:1)
  A hobgoblin (D:1)
  5 bats (D:1)
  A frilled lizard (D:1)
  2 kobolds
  A rat (D:1)
13 creatures vanquished.

Notes
Turn   | Place    | Note
-------+----------+-------------------------------------------
     0 | D:1      | tv1990 the Formicid Monk began the quest for the Orb.
     0 | D:1      | Reached XP level 1. HP: 18/18 MP: 1/1
   254 | D:1      | Reached XP level 2. HP: 24/24 MP: 2/2
   777 | D:2      | Reached skill level 1 in Armour
   803 | D:2      | Noticed Jessica
   808 | D:2      | Gained mutation: You are agile. (Dex +2) [potion of beneficial mutation]
   820 | D:2      | Killed from afar by Jessica

Skill      XL: |  1  2 |
---------------+-------+-----
Armour         | 1 |  1.0
Fighting       | |  3.5
Axes           | |  3.3
Dodging        | |  2.6
Stealth        | |  2.4

Action                   || total
-------------------------++-------
Melee: Hand axe          ||    40
       Unarmed           ||    12
  Use: Potion            ||     1
 Stab: Sleeping          ||     1
Armor: Robe              ||    11
       Scale mail        ||    17
Dodge: Dodged            ||    44

Table legend:
 A = Turns spent in this place as a percentage of turns spent in the entire game.
 B = Non-inter-level travel turns spent in this place as a percentage of non-inter-level travel turns spent in the entire game.
 C = Inter-level travel turns spent in this place as a percentage of turns spent in this place.
 D = Turns resting spent in this place as a percentage of non-inter-level travel turns spent in this place.
 E = Turns spent auto-exploring this place as a percentage of non-inter-level travel turns spent in this place.
 F = Non-inter-level travel turns spent in this place divided by the number of levels of this place that you've seen.
                   A       B       C       D       E      F
               +-------+-------+-------+-------+-------+----------------------
         Total | 100.0 | 100.0 |   1.1 |   0.0 |  25.0 |  88.0
       Dungeon | 100.0 | 100.0 |   1.1 |   0.0 |  25.0 |  88.0
               +-------+-------+-------+-------+-------+----------------------

Table legend:
 A = Kills in this place as a percentage of kills in entire the game.
 B = Kills by you in this place as a percentage of kills by you in the entire game.
 C = Kills by friends in this place as a percentage of kills by friends in the entire game.
 D = Other kills in this place as a percentage of other kills in the entire game.
 E = Experience gained in this place as a percentage of experience gained in the entire game.
 F = Experience gained in this place divided by the number of levels of this place that you have seen.
                   A       B       C       D       E      F
               +-------+-------+-------+-------+-------+----------------------
         Total | 100.0 | 100.0 |  -nan |  -nan | 100.0 |  11.0
       Dungeon | 100.0 | 100.0 |  -nan |  -nan | 100.0 |  11.0
               +-------+-------+-------+-------+-------+----------------------

Vault maps used:
D:1:      dpeg_arrival_fog, serial_bayou_pond_a, minmay_crystal_room
D:2:      makhleb_heckhound_becter, okawaru_trees_1, uniq_jessica
